 Dungeon Crawl Stone Soup version 0.30-a0-358-g0d69a1922f (webtiles) character file.

Game seed: 1261511426110002438

302 vineage the Trooper (level 6, -1/41 HPs)
             Began as a Gargoyle Fighter on Nov 10, 2022.
             Slain by a mummy (7 damage)
             ... in an ossuary.
             The game lasted 00:03:03 (2506 turns).

vineage the Trooper (Gargoyle Fighter)              Turns: 2506, Time: 00:03:04

Health: -1/41      AC: 17    Str: 21    XL:     6   Next: 37%
Magic:  6/6        EV:  7    Int:  9    God:
Gold:   216        SH:  9    Dex:  9    Spells: 5/5 levels left

rFire   . . .      SeeInvis .    a - +1 flail
rCold   . . .      Faith    .    c - +0 buckler
rNeg    + . .      Spirit   .    i - +0 chain mail
rPois   ∞          Reflect  +    k - +0 helmet
rElec   +          Harm     .    n - +2 cloak {Stlth+}
rCorr   .          Rampage  .    (no gloves)
Will    .....                    (no boots)
Stlth   ..........               e - amulet of reflection
HPRegen 0.26/turn                (no ring)
MPRegen 0.10/turn                (no ring)

@: no status effects
A: sickness immunity, AC +4, negative energy resistance 1, electricity
resistance, torment resistance 1, petrification resistance
a: no special abilities


You were in an ossuary.
You visited 1 branch of the dungeon, and saw 4 of its levels.
You also visited: Ossuary.

You collected 216 gold pieces.

Inventory:

Hand Weapons
 a - a +1 flail (weapon)
Armour
 c - a +0 buckler (worn)
 i - a +0 chain mail (worn)
 k - a +0 helmet (worn)
 n - a +2 cloak of stealth (worn)
Jewellery
 e - an amulet of reflection (around neck)
Potions
 b - 2 potions of brilliance {unknown}
 d - 2 potions of might
 f - 3 potions of curing {unknown}
 h - a potion of lignification {unknown}
 j - a potion of magic {unknown}
 m - 2 potions of berserk rage {unknown}
 p - a potion of haste {unknown}
 q - a potion of heal wounds {unknown}
 r - a potion of cancellation {unknown}


   Skills:
 * Level 5.8 Fighting
 * Level 4.8 Maces & Flails
 - Level 3.2 Armour
 - Level 3.2 Shields


You had 5 spell levels left.
You didn't know any spells.
Your spell library contained the following spells:

 Spells                   Type           Power      Damage    Failure   Level
 Apportation              Tloc           0%         N/A       99%         1
 Magic Dart               Conj           0%         1d3       99%         1
 Necrotise                Necr           0%         1d4       99%         1
 Sandblast                Erth           0%         2d4       99%         1
 Summon Small Mammal      Summ           0%         N/A       99%         1
 Call Imp                 Summ           0%         N/A       100%        2
 Passwall                 Tmut/Erth      0%         N/A       100%        2
 Dazzling Flash           Conj/Hex       0%         N/A       100%        3
 Mephitic Cloud           Conj/Pois/Air  0%         N/A       100%        3
 Stone Arrow              Conj/Erth      0%         3d7       100%        3
 Olgreb's Toxic Radiance  Pois           0%         N/A       100%        4
 Agony                    Necr           0%         N/A       100%        5
 Silence                  Hex/Air        0%         N/A       100%        5
 Ozocubu's Refrigeration  Ice            0%         4d7       100%        7
 Ignition                 Fire           0%         3d3       100%        8


Dungeon Overview and Level Annotations

Branches:
Dungeon (4/15)            Ossuary (1/1)
 Temple: D:4-7

Altars:
Ashenzari
Fedhas
Hepliaklqana
Wu Jian
Xom
Zin


Innate Abilities, Weirdness & Mutations

You are immune to sickness and miasma.
Your stone body is resilient. (AC +4)
You are immune to poison.
You resist negative energy. (rN+)
You are resistant to electric shocks. (rElec)
You are resistant to unholy torment.
You are immune to petrification.


Message History

The mummy is moderately damaged.
You block the mummy's attack.
You sock the mummy!
You destroy the mummy!
You hit the mummy.
The mummy is lightly damaged.
The sentinel's mark upon you fades away.
The mummy hits you.
You are too injured to fight recklessly!
You are too injured to fight recklessly!
You are too injured to fight recklessly!
You are too injured to fight recklessly!
You are too injured to fight recklessly!
You are too injured to fight recklessly!
You are too injured to fight recklessly!
You are too injured to fight recklessly!
You are too injured to fight recklessly!
You are too injured to fight recklessly!
You are too injured to fight recklessly!
You are too injured to fight recklessly!
You are too injured to fight recklessly!
You are too injured to fight recklessly!
You sock the mummy!
The mummy is heavily damaged.
The mummy closely misses you.
You barely miss the mummy.
The mummy is heavily damaged.
You hit the mummy but do no damage.
The mummy is heavily damaged.
The mummy hits you!
* * * LOW HITPOINT WARNING * * *
You sock the mummy!
You destroy the mummy!
You sock the mummy!
The mummy is severely damaged.
Okay, then.
You hit the mummy.
The mummy is severely damaged.
The mummy hits you!
You die...

##.^...## ##.+ .
##.......###..#
..#.........#...+
..M....⌠....'...#
#.........#...+
##......M###..#
##.....## ##.+
###M### .# #@# .#
##.## ?? #.∩^# ??
#.∩.# #####


You could see a mummy.

Vanquished Creatures
  Crazy Yiuf (D:2)
  Jessica (D:3)
  Terence (D:2)
  An orc wizard (D:3)
  4 mummies (Ossuary)
  Robin (D:3)
  3 adders
  3 worms
  4 dart slugs
  12 orcs
  5 bats
  2 endoplasms
  3 giant cockroaches
  17 goblins
  5 hobgoblins
  4 jackals (D:1)
  6 ball pythons
  2 frilled lizards (D:3)
  2 kobolds
  10 rats
87 creatures vanquished.

Notes
Turn   | Place    | Note
-------+----------+-------------------------------------------
     0 | D:1      | vineage the Gargoyle Fighter began the quest for the Orb.
     0 | D:1      | Reached XP level 1. HP: 14/14 MP: 1/1
    99 | D:1      | Reached XP level 2. HP: 9/19 MP: 2/2
   668 | D:2      | Found a broken altar of Ashenzari.
   674 | D:2      | Reached skill level 4 in Fighting
   674 | D:2      | Reached XP level 3. HP: 24/24 MP: 3/3
  1000 | D:2      | Found a runed translucent door.
  1001 | D:2      | Noticed Crazy Yiuf
  1092 | D:2      | Noticed Terence
  1098 | D:2      | Killed Terence
  1099 | D:2      | Reached XP level 4. HP: 29/30 MP: 4/4
  1220 | D:2      | Killed Crazy Yiuf
  1349 | D:3      | Noticed Jessica
  1362 | D:3      | Killed Jessica
  1363 | D:3      | Reached skill level 5 in Fighting
  1363 | D:3      | Reached XP level 5. HP: 33/35 MP: 5/5
  1539 | D:3      | Found an ornate altar of the Wu Jian Council.
  1541 | D:3      | Found a shimmering altar of Xom.
  1542 | D:3      | Found a hazy altar of Hepliaklqana.
  1542 | D:3      | Found a blossoming altar of Fedhas.
  1790 | D:3      | Found a glowing silver altar of Zin.
  1955 | D:3      | Noticed Robin
  1980 | D:3      | Reached XP level 6. HP: 35/40 MP: 6/6
  1997 | D:3      | Killed Robin
  2442 | D:4      | Found a sand-covered staircase.
  2454 | Ossuary  | Entered an ossuary
  2506 | Ossuary  | Slain by a mummy

Illustrated notes

Levels and vault maps discovered:
D:1:      dpeg_arrival_simpleton_a, layout_basic
D:2:      layout_rooms, basic_altar, uniq_terence, uniq_crazy_yiuf_cottage
D:3:      minmay_recursive_quarters, layout_basic, mainiacjoe_overflow_alcove_1,
          grunt_temple_overflow_open, hangedman_decor_points,
          kennysheep_decorative_pillar, hangedman_glass_teeth, uniq_robin,
          uniq_jessica
D:4:      layout_rooms, gammafunk_ghost_abyssal_escape,
          nicolae_ossuary_entry_monument
Ossuary:  ossuary_crypta

Skill      XL: |  1  2  3  4  5 |
---------------+----------------+-----
Fighting       | 4 5 |  5.8
Maces & Flails | 3 4 |  4.8
Armour         | |  3.2
Shields        | |  3.2

Action                   |  1- 3 |  4- 6 || total
-------------------------+-------+-------++-------
Melee: Flail             |    94 |   175 ||   269
  Use: Scroll            |     2 |     5 ||     7
Armor: Scale mail        |    24 |       ||    24
       Chain mail        |    25 |    94 ||   119
Dodge: Dodged            |    45 |    48 ||    93
Block: Buckler           |    42 |    83 ||   125
       Reflection        |     2 |     5 ||     7

Table legend: (Time is in decaauts)
 A = Elapsed time spent in this place.
 B = Non-inter-level travel time spent in this place.
 C = Inter-level travel time spent in this place.
 D = Time resting spent in this place.
 E = Time spent auto-exploring this place.
 F = Levels seen in this place.
 G = Mean time per level.
                   A        B        C        D        E       F      G
               +--------+--------+--------+--------+--------+-----+--------+
         Total |   2574 |   2381 |    193 |    140 |   1601 |   5 |  514.8 |
       Dungeon |   2518 |   2325 |    193 |    140 |   1590 |   4 |  629.5 |
       Ossuary |     55 |     55 |      0 |      0 |     11 |   1 |   55.0 |
               +--------+--------+--------+--------+--------+-----+--------+

Top non-repeatable levels by time:
     D:3: 1061 daAuts
     D:2: 781 daAuts
     D:1: 574 daAuts
     D:4: 101 daAuts
 Ossuary: 55 daAuts
